 Dungeon Crawl Stone Soup version 0.22-a0-782-g038298e (webtiles) character file.

10054 Amnesiac the Thaumaturge (level 11, -3/68 HPs)
             Began as a Mummy Earth Elementalist on July 20, 2018.
             Was a High Priest of Vehumet.
             Slain by an unseen horror (7 damage)
             ... on level 11 of the Dungeon.
             The game lasted 00:24:46 (10926 turns).

Amnesiac the Thaumaturge (MuEE)                    Turns: 10926, Time: 00:24:46

Health: -3/68      AC: 19    Str: 12    XL:     11   Next: 31%
Magic:  18/26      EV: 12    Int: 17    God:    Vehumet [*****.]
Gold:   54         SH:  5    Dex: 13    Spells: 18/33 levels left

rFire    . . .     SeeInvis .   a - +8 rapier (protect)
rCold    + + .     Gourm    .   s - +0 buckler
rNeg     + + +     Faith    .   C - +0 steam dragon scales
rPois    ∞         Spirit   .   e - +0 helmet
rElec    .         Reflect  .   B - scarf {rC+ rF+}
rCorr    .         Harm     +   h - +2 pair of gloves
MR       +....                  y - +2 pair of boots
Stlth    +.........             l - amulet of harm
HPRegen  0.21/turn              A - ring of loudness (curse)
MPRegen  0.20/turn              E - ring of wizardry

@: protection aura
A: no food or potions, fire vulnerability, cold resistance 1, negative energy
resistance 3, torment resistance, unbreathing
a: Renounce Religion


You were on level 11 of the Dungeon.
You worshipped Vehumet.
Vehumet was extremely pleased with you.
You were not hungry.

You visited 2 branches of the dungeon, and saw 12 of its levels.

You collected 534 gold pieces.
You spent 480 gold pieces at shops.

Inventory:

Hand Weapons
 a - a +8 rapier of protection (weapon)
 b - a +0 hunting sling
 f - a +1 dagger of venom
 r - a +3 dagger
Missiles
 k - 210 stones (quivered)
 p - 53 sling bullets
Armour
 e - a +0 helmet (worn)
 h - a +2 pair of gloves (worn)
 s - a +0 buckler (worn)
 y - a +2 pair of boots (worn)
 B - a scarf of resistance (worn)
 C - +0 steam dragon scales (worn)
Jewellery
 l - an amulet of harm (around neck)
 w - an uncursed amulet of magic regeneration
 A - a cursed ring of loudness (left hand)
 E - a ring of wizardry (right hand)
Wands
 g - a wand of polymorph (14)
 n - a wand of random effects (43)
 q - a wand of iceblast (4)
 v - a wand of enslavement (9)
 x - a wand of scattershot (4)
 D - a wand of flame (20)
Scrolls
 c - a scroll of blinking {!r}
 d - 6 scrolls of fog {!r}
 i - a scroll of enchant armour {!r}
 j - 7 scrolls of identify {!r}
 m - 5 scrolls of teleportation {!r}
 o - 4 scrolls of remove curse {!r}
 t - a scroll of magic mapping {!r}
 u - 2 scrolls of silence {!r}
 z - a scroll of fear {!r}


   Skills:
 - Level 1.5 Dodging
 - Level 1.5 Stealth
 - Level 4.0 Shields
 + Level 11.9 Spellcasting
 - Level 0.7 Transmutations
 * Level 11.9 Earth Magic


You had 18 spell levels left.
You knew the following spells:

 Your Spells              Type           Power        Failure   Level  Hunger
a - Stone Arrow           Conj/Erth      ####..       1%          3    N/A
b - Passwall              Tmut/Erth      ####....     1%          2    N/A
c - Sandblast             Erth           ######       1%          1    N/A
d - Lee's Rapid Deconstr  Erth           ######....   1%          5    N/A
e - Petrify               Tmut/Erth      ####....     2%          4    N/A

Your spell library contained the following spells:

 Spells                   Type           Power        Failure   Level  Hunger
 Fireball                 Conj/Fire      ##........   21%         5    N/A
 Conjure Flame            Conj/Fire      ##......     2%          3    N/A
 Throw Flame              Conj/Fire      ##....       1%          2    N/A
 Summon Small Mammal      Summ           ##..         2%          1    N/A
 Sticky Flame             Conj/Fire      ##......     8%          4    N/A
 Summon Ice Beast         Ice/Summ       ##......     26%         4    N/A
 Call Imp                 Summ           ##......     4%          2    N/A
 Flame Tongue             Conj/Fire      ##...        1%          1    N/A
 Call Canine Familiar     Summ           ##......     9%          3    N/A
 Inner Flame              Hex/Fire       ##......     2%          3    N/A
 Summon Lightning Spire   Summ/Air       ##......     26%         4    N/A
 Summon Guardian Golem    Hex/Summ       ##......     9%          3    N/A

Dungeon Overview and Level Annotations

Branches:
Dungeon (11/15)            Temple (1/1) D:4             Orc (0/2) D:10
   Lair: D:8-11

Altars:
Ashenzari
Cheibriados
Dithmenos
Elyvilon
Fedhas
Gozag
Hepliaklqana
Kikubaaqudgha
Makhleb
Nemelex Xobeh
Okawaru
Qazlal
Ru
Sif Muna
Trog
Uskayaw
Vehumet
Wu Jian
Xom
Yredelemnul
Zin
The Shining One

Shops:
D:4 *   D:8 }   D:9 [

Annotations:
D:6 2 transporters, ThereIsNoGod's ghost, novice GnTm


Innate Abilities, Weirdness & Mutations

You do not eat or drink.
Your flesh is vulnerable to fire.
You are immune to poison.
Your flesh is cold resistant. (rC+)
You are immune to negative energy. (rN+++)
You are immune to unholy pain and torment.
You can survive without breathing.


Message History

You start resting.
HP restored.
You start resting.
HP restored.
You climb downwards.
Something hits you but does no damage.
There is a stone staircase leading up here.
You block something's attack.
Casting: Lee's Rapid Deconstruction (safe; 1% risk of failure)
Confirm with . or Enter, or press ? or * to list all spells.
Aiming: Lee's Rapid Deconstruction (safe; 1% risk of failure)
Press: ? - help, Dir - move target cursor A stone wall.
The wall shatters!
The blast of rock fragments hits something.
You hear two shouts!
Something hits you. Something hits you but does no damage. Something hits you.
Something hits you but does no damage. Something hits you but does no damage.
Something hits you but does no damage.
Casting: Lee's Rapid Deconstruction (safe; 1% risk of failure)
Confirm with . or Enter, or press ? or * to list all spells.
Aiming: Lee's Rapid Deconstruction (safe; 1% risk of failure)
Press: ? - help, Dir - move target cursor A rock wall.
That beam is likely to hit you.
Continue anyway?
The wall shatters!
The blast of rock fragments hits something.
The blast of rock fragments hits you! Something hits you but does no damage.
Something hits you but does no damage. You block something's attack.
Something hits you but does no damage.
A two-headed ogre comes into view. It is wielding two giant clubs.
Something hits you but does no damage.
Casting: Lee's Rapid Deconstruction (safe; 1% risk of failure)
Confirm with . or Enter, or press ? or * to list all spells.
Aiming: Lee's Rapid Deconstruction (safe; 1% risk of failure)
Press: ? - help, Dir - move target cursor A rock wall.
Okay, then.
Casting: Lee's Rapid Deconstruction (safe; 1% risk of failure)
Confirm with . or Enter, or press ? or * to list all spells.
Okay, then.
Casting: Lee's Rapid Deconstruction (safe; 1% risk of failure)
Confirm with . or Enter, or press ? or * to list all spells.
Aiming: Sandblast (safe; 1% risk of failure)
Press: ? - help, Shift-Dir - straight line The blast of sand hits something.
k - 210 stones Something hits you but does no damage.
Something hits you but does no damage. Something hits you.
Something hits you but does no damage.
You hit something.
Your weapon exudes an aura of protection.
Something hits you but does no damage. The two-headed ogre barely misses you.
The two-headed ogre hits you with a giant club!
You miss something. Something hits you.
* * * LOW HITPOINT WARNING * * *
The two-headed ogre hits you with a giant club.
* * * LOW HITPOINT WARNING * * *
The two-headed ogre hits you with a giant club!!
* * * LOW HITPOINT WARNING * * *
Something hits you.
You die...

.... l) ... #) #####'### #..
#.......# ..... #..
##.......#.......
#...#........#O....... ..
+...#.....[..#[....... ....
#...)##.#'####........ ##..#
#.../..@[<.)..........
.#..######....###O.............
.##..........# ##..........#
..#..........# #..........#
..#..........# ##..........#
..#......)#'## #...........#
..#.....†## #####.......###
..†.....)# ##.........
.(#......# #.........


You could see a two-headed ogre.

Vanquished Creatures
  3 two-headed ogres
  An elephant (D:11)
  2 trolls
  A hippogriff (D:11)
  5 yaks (D:9)
  2 wyverns (D:11)
  A wraith (D:10)
  A human (D:10)
  A hungry ghost (D:11)
  A basilisk (D:11)
  A steam dragon (D:10)
  A warg (D:10)
  6 orc warriors
  A black bear (D:6)
  A sky beast (D:5)
  2 phantoms
  3 ice beasts
  A hornet zombie (D:7)
  A necrophage (D:5)
  7 centaurs
  6 ogres
  4 big kobolds
  2 bullfrogs (D:7)
  A water moccasin skeleton (D:6)
  4 scorpions
  4 killer bees (D:9)
  6 wights
  2 howler monkeys
  A centaur zombie (D:10)
  11 crimson imps
  3 hounds
  4 jellies
  10 orc priests
  3 bullfrog skeletons
  2 centaur skeletons
  4 iguanas
  5 orc wizards
  4 worker ants
  A killer bee zombie (D:7)
  2 hound skeletons
  A howler monkey skeleton (D:7)
  6 gnolls (D:3)
  14 adders
  3 shadow imps
  6 oozes
  2 worms
  A dart slug (D:1)
  9 leopard geckos
  36 orcs
  7 giant cockroaches
  10 goblins
  11 hobgoblins
  9 jackals
  25 kobolds
  6 quokkas
  4 ball pythons
  8 bats
  7 frilled lizards
  A leopard gecko skeleton (D:8)
  8 rats
295 creatures vanquished.

Notes
Turn   | Place    | Note
-------+----------+-------------------------------------------
     0 | D:1      | Amnesiac the Mummy Earth Elementalist began the quest for the Orb.
     0 | D:1      | Reached XP level 1. HP: 13/13 MP: 4/4
   291 | D:1      | Reached XP level 2. HP: 17/19 MP: 2/5
   298 | D:1      | Learned a level 2 spell: Passwall
   576 | D:3      | Reached XP level 3. HP: 24/24 MP: 3/7
   717 | D:3      | Reached XP level 4. HP: 13/30 MP: 4/9
   846 | D:3      | Learned a level 3 spell: Stone Arrow
   851 | D:3      | Learned a level 4 spell: Petrify
  1228 | D:4      | Reached XP level 5. HP: 35/35 MP: 1/11
  1294 | D:4      | Found a sacrificial altar of Ru.
  1326 | D:4      | Found a staircase to the Ecumenical Temple.
  1463 | Temple   | Entered the Ecumenical Temple
  1577 | Temple   | Became a worshipper of Vehumet
  1869 | D:5      | Entered Level 5 of the Dungeon
  1869 | D:5      | Found a burning altar of Makhleb.
  1869 | D:5      | Found a sacrificial altar of Ru.
  1869 | D:5      | Found a sparkling altar of Nemelex Xobeh.
  1915 | D:5      | Noticed a sky beast
  1926 | D:5      | Killed a sky beast
  1926 | D:5      | Reached XP level 6. HP: 28/41 MP: 0/13
  2096 | D:5      | Reached skill level 5 in Spellcasting
  2096 | D:5      | Reached skill level 5 in Earth Magic
  2582 | D:1      | Learned a level 5 spell: Lee's Rapid Deconstruction
  2685 | D:1      | Reached * piety under Vehumet
  2685 | D:1      | Offered knowledge of Freeze by Vehumet.
  4009 | D:4      | Reached XP level 7. HP: 46/46 MP: 15/15
  4103 | D:4      | Offered knowledge of Magic Dart by Vehumet.
  4207 | D:4      | Reached ** piety under Vehumet
  4474 | D:4      | Found Awnuceh's General Store.
  4715 | D:5      | Found a white marble altar of Elyvilon.
  4715 | D:5      | Found a glowing golden altar of the Shining One.
  4716 | D:5      | Found a glowing silver altar of Zin.
  5033 | D:5      | Found a blossoming altar of Fedhas.
  5283 | D:6      | Found a transporter.
  5287 | D:6      | Noticed ThereIsNoGod's ghost (novice GnTm)
  5289 | D:6      | Noticed a two-headed ogre
  5292 | D:6      | Found a transporter.
  5345 | D:6      | Reached XP level 8. HP: 46/52 MP: 18/18
  5493 | D:6      | Reached skill level 1 in Shields
  5559 | D:6      | Found a blossoming altar of Fedhas.
  5597 | D:6      | Offered knowledge of Throw Frost by Vehumet.
  6141 | D:7      | Reached *** piety under Vehumet
  6325 | D:7      | Reached XP level 9. HP: 47/57 MP: 15/21
  6640 | D:8      | Offered knowledge of Dazzling Spray by Vehumet.
  6678 | D:8      | Found a basalt altar of Yredelemnul.
  6678 | D:8      | Found a shimmering altar of Xom.
  6751 | D:8      | Found Geph's Gadget Shop.
  6930 | D:8      | Noticed a two-headed ogre
  6938 | D:8      | Killed a two-headed ogre
  7604 | D:10     | Entered Level 10 of the Dungeon
  7990 | D:9      | Reached **** piety under Vehumet
  7991 | D:9      | Reached XP level 10. HP: 46/63 MP: 9/23
  8132 | D:9      | Found an iron altar of Okawaru.
  8149 | D:9      | Noticed a two-headed ogre
  8152 | D:9      | Killed a two-headed ogre
  8152 | D:9      | Reached skill level 10 in Spellcasting
  8152 | D:9      | Reached skill level 10 in Earth Magic
  8172 | D:9      | Offered knowledge of Throw Icicle by Vehumet.
  8242 | D:9      | Found Erahis's Armour Shoppe.
  9238 | D:9      | Bought a scarf of resistance for 480 gold pieces
  9319 | D:10     | Found a staircase to the Orcish Mines.
  9927 | D:11     | Noticed a manticore
  9935 | D:11     | Noticed a two-headed ogre
  9937 | D:11     | HP: 3/63 [manticore/volley of spikes (13)]
 10387 | D:11     | Reached XP level 11. HP: 68/68 MP: 19/26
 10388 | D:11     | Reached ***** piety under Vehumet
 10421 | D:11     | Offered knowledge of Force Lance by Vehumet.
 10598 | D:11     | Killed a two-headed ogre
 10918 | D:11     | Noticed a two-headed ogre
 10926 | D:11     | Slain by an unseen horror

Vault maps used:
D:1:      dpeg_arrival_rooms_with_view
D:3:      saegor_snake_ambush
D:4:      minmay_temple_entry_purple_smoke, first_ration, serial_shops,
          nicolae_shop_stone, nicolae_ru_awakened_eye
D:5:      good_gods_temple_1, gammafunk_temple_overflow_claw, fedhas_altar_2
D:6:      kennysheep_mini_moat, gammafunk_ghost_smash
D:8:      chequers_temple_overflow_statue_of_worship, serial_shops,
          kennysheep_little_box, hangedman_little_slice_of_home,
          serial_bayou_pond_c, st_stairs_7
D:9:      serial_shops, shop_statue, okawaru_ov_weapons_minmay
D:10:     erik_orc_4, nrook_mini_backslash
D:11:     david_lair_generic, minmay_joined_circles
Temple:   dshaligram_water_room_temple

Skill      XL: |  1  2  3  4  5  6  7  8  9 10 |
---------------+-------------------------------+-----
Spellcasting   | 3 4 5 6 8 9 11 | 11.9
Earth Magic    | 3 4 5 6 8 9 11 | 11.9
Shields        | 2 4 |  4.0
Dodging        | |  1.5
Stealth        | |  1.5
Transmutations | |  0.7

Action                   |  1- 3 |  4- 6 |  7- 9 | 10-12 || total
-------------------------+-------+-------+-------+-------++-------
Melee: Short sword       |    17 |     7 |       |       ||    24
       Dagger            |       |    68 |       |       ||    68
       Rapier            |       |       |   150 |    76 ||   226
 Fire: Hunting sling     |       |   165 |     8 |       ||   173
 Cast: Sandblast         |    31 |     3 |    11 |    42 ||    87
       Stone Arrow       |       |    49 |    62 |    50 ||   161
       Lee's Rapid Decon |       |       |     9 |    36 ||    45
Evoke: Wand              |       |       |       |     2 ||     2
  Use: Scroll            |       |     9 |    10 |     1 ||    20
 Stab: Sleeping          |       |       |     4 |       ||     4
       Distracted        |       |       |     1 |       ||     1
Armor: Robe              |    12 |    64 |    68 |       ||   144
       Leather armour    |       |       |    19 |    27 ||    46
       Steam dragon scal |       |       |       |    43 ||    43
Dodge: Dodged            |    11 |   106 |   103 |    60 ||   280
Block: Buckler           |       |       |    14 |    26 ||    40

Table legend:
 A = Spawn XP
 B = Non-spawn XP
 C = Spawn XP percentage of total XP
 D = Spawn monster count
 E = Non-spawn monster count
 F = Spawn count percentage of total count
 G = Total turns spent on level
                    A         B        C        D         E        F      G
               +---------+---------+-------+---------+---------+-------+---------
         Total |       0 |   14364 |   0.0 |       0 |     295 |   0.0 | 10926
               +---------+---------+-------+---------+---------+-------+---------
           D:1 |       0 |      54 |   0.0 |       0 |      30 |   0.0 |   977
           D:2 |       0 |      37 |   0.0 |       0 |      22 |   0.0 |   847
           D:3 |       0 |     203 |   0.0 |       0 |      30 |   0.0 |  1335
           D:4 |       0 |     359 |   0.0 |       0 |      23 |   0.0 |  1213
           D:5 |       0 |     648 |   0.0 |       0 |      13 |   0.0 |   861
           D:6 |       0 |     562 |   0.0 |       0 |      17 |   0.0 |   688
           D:7 |       0 |    1024 |   0.0 |       0 |      23 |   0.0 |   666
           D:8 |       0 |    1567 |   0.0 |       0 |      19 |   0.0 |   878
           D:9 |       0 |    3256 |   0.0 |       0 |      41 |   0.0 |  1399
          D:10 |       0 |    2138 |   0.0 |       0 |      33 |   0.0 |  1471
          D:11 |       0 |    4516 |   0.0 |       0 |      44 |   0.0 |   463
               +---------+---------+-------+---------+---------+-------+---------
